AoeStats
← Jafarr

Lombardia

509982473Analyzed
4v4 RM · 4d ago on Sep 28, 2026· 36m 10s· 8 players
Game mode
Random Map
Map size
Large (8 player)
Population
200
Speed
Normal
Resources
Standard
Victory
Conquest
Starting age
Dark Age
Ending age
Imperial Age
RankedLock teamsTeams togetherTeam positionsShared explorationLock speedFull tech treeHidden civsTurbo modeCheats
Victory
Defeat
🇺🇸 Magyars · United States
1398
+12
🇫🇷 Magyars · France
1373
+13
🇩🇪 Khmer · Germany
1278
+17
🇦🇷 Tupi · Argentina
1264
+19
🇹🇷 Teutons · Türkiye
1344
-17
🇨🇦 Sicilians · Canada
1324
-16
🇨🇴 Mongols · Colombia
1278
-14
🇺🇸 Portuguese · United States
1271
-14
koppzer
11:13 Feudal Age
9:45 Loom
12:33 Double-Bit Axe
15:12 Castle Age
14:16 Horse Collar
16:16 Bow Saw
23:37 Heavy Plow
26:45 Wheelbarrow
26:02 Gold Mining
26:41 Town Watch
28:33 Gold Shaft Mining
27:50 Stone Mining
28:21 Bloodlines
28:12 Husbandry
28:23 Scale Barding Armor
30:55 Imperial Age
28:38 Husbandry
29:26 Hand Cart
29:32 Bloodlines
30:38 Chain Barding Armor
31:37 Forging
31:05 Cavalier
32:08 Onager
33:43 Iron Casting
33:47 Hauberk
33:46 Pikeman
35:07 Plate Barding Armor
34:20 Capped Ram
34:53 Halberdier
35:35 Scale Mail Armor
35:37 Squires
Shell
4:05 Loom
11:30 Feudal Age
15:05 Castle Age
14:54 Double-Bit Axe
14:50 Horse Collar
16:53 Fletching
21:20 Gold Mining
24:23 Elite Skirmisher
29:14 Thumb Ring
29:11 Bodkin Arrow
29:16 Padded Archer Armor
34:55 Imperial Age
34:00 Wheelbarrow
35:04 Fortified Wall
36:40 Chemistry
TGF LordKYO
3:57 Loom
5:26 Loom
9:16 Feudal Age
10:20 Double-Bit Axe
10:57 Town Watch
13:19 Bloodlines
12:57 Horse Collar
22:11 Castle Age
22:53 Scale Barding Armor
22:59 Forging
24:15 Wheelbarrow
26:02 Fletching
27:31 Husbandry
28:08 Padded Archer Armor
30:06 Hand Cart
31:10 Chain Barding Armor
31:25 Iron Casting
32:06 Heavy Plow
37:30 Imperial Age
Yellowping
8:01 Loom
10:19 Feudal Age
11:55 Horse Collar
17:09 Castle Age
16:07 Double-Bit Axe
19:55 Wheelbarrow
22:06 Heavy Plow
23:20 Bow Saw
24:39 Gold Mining
24:40 Stone Mining
27:28 Stone Shaft Mining
28:11 Fletching
36:55 Imperial Age
36:03 Bodkin Arrow
Jafarr
6:42 Loom
6:49 Loom
9:23 Feudal Age
10:27 Double-Bit Axe
10:26 Horse Collar
16:04 Wheelbarrow
17:29 Bloodlines
22:20 Castle Age
21:44 Fletching
22:10 Padded Archer Armor
23:05 Bodkin Arrow
23:41 Bow Saw
23:41 Heavy Plow
24:00 Husbandry
25:30 Leather Archer Armor
27:28 Ballistics
30:08 Gold Mining
35:35 Imperial Age
34:15 Thumb Ring
36:46 Parthian Tactics
36:22 Bracer
BondTrustee
9:28 Loom
11:28 Feudal Age
12:14 Double-Bit Axe
15:31 Castle Age
14:07 Horse Collar
18:08 Bow Saw
22:53 Wheelbarrow
24:05 Heavy Plow
24:27 Hand Cart
28:45 Imperial Age
26:50 Scale Barding Armor
27:53 Gold Mining
28:19 Town Watch
28:55 Chain Barding Armor
29:26 Bloodlines
29:16 Husbandry
29:28 Forging
29:59 Gold Shaft Mining
29:35 Elite Battle Elephant
33:01 Plate Barding Armor
33:58 Iron Casting
33:39 Fletching
34:16 Tusk Swords
35:13 Conscription
34:56 Pikeman
36:46 Blast Furnace
LordofSun
7:42 Loom
10:27 Feudal Age
11:44 Double-Bit Axe
12:32 Fletching
15:04 Padded Archer Armor
22:32 Castle Age
20:53 Horse Collar
21:28 Gold Mining
23:10 Bodkin Arrow
22:38 Crossbowman
25:10 Wheelbarrow
24:59 Bow Saw
29:28 Ballistics
29:37 Heavy Plow
30:13 Gold Shaft Mining
33:41 Hand Cart
33:11 Town Watch
36:27 Imperial Age
35:11 Leather Archer Armor
35:23 Town Patrol
bao
11:06 Feudal Age
11:18 Loom
12:26 Double-Bit Axe
15:04 Castle Age
13:17 Horse Collar
16:17 Bow Saw
22:09 Wheelbarrow
22:53 Heavy Plow
23:13 Gold Mining
23:19 Stone Mining
24:08 Corvinian Army
25:09 Hand Cart
29:28 Imperial Age
27:50 Bloodlines
27:40 Husbandry
27:42 Scale Mail Armor
29:26 Chain Mail Armor
29:19 Scale Barding Armor
30:20 Chain Barding Armor
29:35 Elite Magyar Huszar
30:51 Conscription
31:55 Crop Rotation
32:32 Two-Man Saw
32:40 Plate Barding Armor
Connection lost

Rejoining the realm…

Still unreachable

The connection could not be restored.

Session expired

The server has moved on; the page needs a fresh start.